 Dungeon Crawl Stone Soup version 0.17-a0-1954-g0dddeaa (webtiles) character file.

109088 Ordine the Stickfighter (level 16, -3/145 HPs)
             Began as a Minotaur Gladiator on Oct 4, 2015.
             Was a High Priest of Okawaru.
             Slain by a thorn hunter (18 damage)
             ... on level 1 of the Swamp.
             The game lasted 02:14:21 (27971 turns).

Ordine the Stickfighter (Minotaur Gladiator)       Turns: 27971, Time: 02:14:21

Health: -3/145     AC: 22    Str: 38    XL:     16   Next: 4%
Magic:  20/21      EV: 14    Int:  9    God:    Okawaru [*****.]
Gold:   2749       SH:  0    Dex: 17    Spells: 1 memorised, 13 levels left

rFire  + + +     SeeInvis +     x - +4 lajatang of the Heavens {elec, +Inv rN+ Str+4}
rCold  . . .     Clarity  +     m - +3 fire dragon armour
rNeg   + . .     SustAt   .     (no shield)
rPois  +         Gourm    +     c - +0 hat
rElec  +         Spirit   .     s - +0 cloak
rCorr  .         Warding  .     V - +2 pair of gloves {archery}
rMut   .         Stasis   .     e - +0 pair of boots "Ledutzow" {rC+ Str+4}
MR     +....                    z - amulet of the gourmand
Stlth  ..........               E - ring "Udedim" {rElec rPois Str+9 Int+4}
                                l - ring of see invisible

@: finesse, grasped by roots, very slightly contaminated, very slow, somewhat
resistant to hostile enchantments, extremely unstealthy
A: retaliatory headbutt, horns 2, talons 1, berserk 1, clarity, fire resistance
1, MP-powered wands
a: Heroism, Finesse, Renounce Religion, Evoke Invisibility


You were on level 1 of the Swamp.
You worshipped Okawaru.
Okawaru was extremely pleased with you.
You were full.

You visited 5 branches of the dungeon, and saw 29 of its levels.

You collected 3776 gold pieces.
You spent 1027 gold pieces at shops.

Inventory:

Hand weapons
 x - the +4 lajatang of the Heavens (weapon) {elec, +Inv rN+ Str+4}
   (Okawaru gifted it to you on level 12 of the Dungeon)

   Occasionally, upon striking a foe, it will discharge some electrical energy
   and cause terrible harm.
   It affects your strength (+4).
   It protects you from negative energy.
   It lets you turn invisible.
 M - a +3 quarterstaff of holy wrath
Missiles
 d - 4 throwing nets (quivered)
Armour
 c - a +0 hat (worn)
 e - the +0 pair of boots "Ledutzow" (worn) {rC+ Str+4}
   (Okawaru gifted it to you on level 14 of the Dungeon)

   It affects your strength (+4).
   It protects you from cold.
 m - a +3 fire dragon armour (worn)
 s - a +0 cloak (worn)
 V - a +2 pair of gloves of archery (worn)
Jewellery
 h - an uncursed amulet of resist mutation
 l - a ring of see invisible (left hand)
 z - an amulet of the gourmand (around neck)
 E - the ring "Udedim" (right hand) {rElec rPois Str+9 Int+4}
   (You found it on level 6 of the Dungeon)

   [ring of poison resistance]

   It affects your strength (+9).
   It affects your intelligence (+4).
   It insulates you from electricity.
   It protects you from poison.
Magical devices
 t - a wand of lightning (8)
 R - a wand of draining (8)
Scrolls
 g - 12 scrolls of remove curse
 i - a scroll of blinking
 C - 6 scrolls of teleportation
 G - 2 scrolls of amnesia
Potions
 f - a potion of magic
 k - a potion of might
 n - 2 potions of cancellation
 W - 3 potions of agility
Comestibles
 L - 27 fruits


   Skills:
 - Level 13.7 Fighting
 - Level 15.1 Staves
 - Level 2.0 Throwing
 - Level 14.0 Armour
 - Level 13.6 Dodging
 - Level 10.0 Earth Magic
 - Level 8.0 Invocations
 + Level 7.8 Evocations


You had 13 spell levels left.
You knew the following spells:

 Your Spells              Type           Power        Failure   Level  Hunger
a - Stoneskin             Trmt/Erth      #.......     14%         2    ###....


Dungeon Overview and Level Annotations

Branches:
Dungeon (15/15)            Temple (1/1) D:6            Lair (8/8) D:8
  Swamp (1/4) Lair:3        Snake (0/4) Lair:6        Slime (0/6) Lair:8
    Orc (4/4) D:12            Elf (0/3) Orc:3        Vaults (0/5) D:14
 Depths (0/5) D:15

Altars:
Ashenzari
Cheibriados
Dithmenos
Elyvilon
Fedhas
Gozag
Kikubaaqudgha
Makhleb
Nemelex Xobeh
Okawaru
Qazlal
Ru
Sif Muna
Trog
Vehumet
Xom
Yredelemnul
Zin
The Shining One
Beogh

Shops:
D:7 *   D:9 ?   Orc:2 %   Orc:3 (   Orc:4 :(=(


Innate Abilities, Weirdness & Mutations

You reflexively headbutt those who attack you in melee.
You have a pair of horns on your head.
You have sharp toenails.
You tend to lose your temper in combat.
You possess an exceptional clarity of mind.
Your flesh is heat resistant.
You expend magic power (3 MP) to strengthen your wands.


Message History

Press: ? - help, v - describe, . - travel Some deep water.
You chop the thorn hunter into pieces!!!
The thorn hunter is moderately damaged.
You completely miss the thorn hunter. You headbutt the thorn hunter!
The thorn hunter is heavily damaged.
The spriggan rider hits you from afar with a spear.
* * * LOW HITPOINT WARNING * * *
The thorn hunter completely misses you. The thorn hunter hits you!
* * * LOW HITPOINT WARNING * * *
You barely miss the thorn hunter.
You headbutt the thorn hunter, but do no damage.
The thorn hunter is heavily damaged.
You hit the thorn hunter but do no damage.
You headbutt the thorn hunter!
The thorn hunter is severely damaged.
You completely miss the thorn hunter. You headbutt the thorn hunter!
The thorn hunter is severely damaged.
The thorn hunter hits you!!
You die...

♣♣♣♣ ♣♣..♣♣♣♣♣ ♣♣♣
♣.....<.♣ ≈≈≈≈≈≈..≈♣♣♣♣♣♣
♣♣≈♣♣♣≈.♣
..≈≈≈≈§≈..≈..≈♣♣♣.≈P♣♣♣♣♣
♣.≈≈≈≈≈≈.≈≈....♣.PP.≈♣
≈.≈≈≈≈≈≈.≈≈≈.....P≈≈.♣ ♣♣
.....≈≈≈§≈..≈≈♣♣≈≈≈≈♣
♣♣≈. ♣....≈≈ff@.♣♣♣♣♣♣♣♣
♣...♣ ♣..≈≈≈≈i≈.♣♣
♣.≈≈.♣♣♣≈.......♣♣
♣.≈≈.♣♣≈≈.♣♣..≈♣♣
♣PPPP.....♣≈≈♣♣♣
♣PPP.f.♣♣♣♣♣♣ ≈♣....≈.♣♣♣
.♣♣...f.≈≈♣ ...≈≈....♣♣


You could see a thorn hunter, a shambling mangrove and a spriggan rider.

Vanquished Creatures
  Agnes (D:15)
  Kirke (D:15)
  A storm dragon (D:13)
  A fire giant (D:15)
  Louise (D:15)
  A stone giant (Orc:3)
  Nessos (Lair:8)
  An ettin (D:13)
  Snorg (Lair:5)
  A vault guard (D:14)
  2 fire dragons
  9 hydras
  An ice dragon (Lair:8)
  Erolcha (D:10)
  Fannar (D:12)
  A catoblepas (Lair:3)
  Harold (Lair:3)
  3 centaur warriors
  A queen ant (Lair:5)
  3 tengu warriors
  2 unseen horrors
  An orb spider (shapeshifter) (D:13)
  Pikel (D:7)
  A necromancer (Lair:2)
  A lindwurm (Lair:8)
  A wolf spider zombie (D:15)
  2 hill giants
  3 manticores (D:15)
  4 griffons
  2 orc knights (Orc:4)
  A harpy (shapeshifter) (D:13)
  6 ugly things
  25 elephants
  6 cyclopes
  A centaur zombie (D:13)
  Maurice (Orc:2)
  A naga mage (Lair:6)
  Joseph (D:8)
  6 black mambas
  13 spiny frogs
  A torpor snail (shapeshifter) (D:15)
  5 torpor snails (Lair:8)
  A gargoyle (D:15)
  6 komodo dragons
  3 kobold demonologists (D:12)
  An efreet (D:13)
  3 fire drakes
  2 yaktaurs (D:13)
  2 two-headed ogres
  6 trolls
  A polar bear (Lair:2)
  5 giant leeches
  12 slime creatures
  33 blink frogs
  3 deep elf magi
  47 yaks
  2 wraiths
  A trapdoor spider (D:13)
  A human (D:7)
  A deep elf fighter (D:12)
  5 wyverns
  6 hungry ghosts
  A hog (D:15)
  5 basilisks
  3 steam dragons
  3 mottled dragons
  10 hippogriffs
  6 wolves (Lair:2)
  A warg (Orc:1)
  22 soldier ants
  2 phantoms (D:4)
  A swamp worm (Swamp:1)
  2 swamp drakes (Lair:8)
  Duvessa (D:6)
  34 orc warriors
  13 water moccasins
  11 porcupines
  2 ice beasts
  9 ogres
  8 wasps
  3 sky beasts
  A black bear (D:7)
  2 boggarts (D:13)
  2 eyes of draining
  18 crocodiles
  18 centaurs
  A big kobold (D:12)
  13 giant frogs
  3 gnoll sergeants (D:7)
  4 brain worms (Lair:8)
  A wyvern zombie (D:14)
  Dowan (D:6)
  15 killer bees
  5 scorpions
  3 jellies
  2 electric eels (Lair:2)
  16 wights
  9 crimson imps
  A giant frog zombie (D:10)
  2 quasits
  8 centaur skeletons
  5 giant frog skeletons
  18 orc priests
  A wyvern simulacrum (D:14)
  5 hounds
  10 iguanas
  30 orc wizards
  30 worker ants
  2 polar bear simulacra (Lair:2)
  25 sheep
  2 yak simulacra (Lair:2)
  2 killer bee zombies
  7 wolf simulacra (Lair:2)
  2 hound zombies
  9 gnolls
  A worker ant zombie (D:8)
  14 adders
  A shadow imp (D:15)
  55 river rats
  An ooze (D:5)
  2 adder skeletons
  16 worms
  3 giant geckos
  145 orcs
  A ball python (D:1)
  7 goblins
  9 hobgoblins
  8 jackals
  12 bats
  6 giant cockroaches
  2 giant gecko skeletons
  A giant gecko zombie (D:6)
  7 giant newts
  A jackal skeleton (D:5)
  16 kobolds
  2 quokkas
  2 quokka skeletons
  A quokka zombie (D:5)
  12 rats
  A fungus (Lair:8)
  A plant (Lair:8)
996 creatures vanquished.

Vanquished Creatures (collateral kills)
  A torpor snail (Lair:8)
1 creature vanquished.

Vanquished Creatures (others)
  The ghost of godescalc the Zephyrmancer, a powerful HEAE of the Shining One (Lair:3)
  5 ball lightnings (Lair:3)
  A tengu conjurer (D:9)
  3 humans (D:15)
  3 slaves (D:7)
  4 gnolls (D:7)
  A river rat (Lair:8)
  3 bushes (Lair:4)
  37 fungi
  21 plants
  10 toadstools (Swamp:1)
89 creatures vanquished.

Grand Total: 1086 creatures vanquished

Notes
Turn   | Place    | Note
--------------------------------------------------------------
     0 | D:1      | Ordine the Minotaur Gladiator began the quest for the Orb.
     0 | D:1      | Reached XP level 1. HP: 18/18 MP: 0/0
    40 | D:1      | Reached skill level 4 in Staves
    80 | D:1      | Reached XP level 2. HP: 20/25 MP: 1/1
   450 | D:1      | Reached skill level 5 in Staves
   618 | D:1      | Reached XP level 3. HP: 22/30 MP: 0/2
   812 | D:2      | Found an iron altar of Okawaru.
   830 | D:2      | Became a worshipper of Warmaster Okawaru
   924 | D:2      | Reached XP level 4. HP: 37/37 MP: 3/3
   958 | D:2      | Reached skill level 6 in Staves
  1122 | D:2      | Found an opulent altar of Gozag.
  1522 | D:3      | Found a faded altar to an unknown god.
  1737 | D:3      | Reached XP level 5. HP: 42/42 MP: 4/4
  1853 | D:3      | Found a glowing golden altar of the Shining One.
  1873 | D:3      | Found a bloodstained altar of Trog.
  2004 | D:3      | Reached skill level 7 in Staves
  2229 | D:4      | Noticed a centaur
  2234 | D:4      | Killed a centaur
  2234 | D:4      | Reached skill level 8 in Staves
  2251 | D:4      | Found a white marble altar of Elyvilon.
  2255 | D:4      | Reached XP level 6. HP: 39/50 MP: 5/5
  2263 | D:4      | Acquired Okawaru's first power
  2332 | D:4      | Noticed a phantom
  2361 | D:4      | Reached skill level 9 in Staves
  2369 | D:4      | Killed a phantom
  2369 | D:4      | Reached XP level 7. HP: 32/56 MP: 6/6
  2491 | D:4      | Noticed an ogre
  2502 | D:4      | Killed an ogre
  2502 | D:4      | Reached skill level 10 in Staves
  2525 | D:4      | Noticed a phantom
  2540 | D:4      | Killed a phantom
  2787 | D:4      | Identified a +0 rod of the swarm (11/11) (You found it on level 4 of the Dungeon)
  2872 | D:5      | Entered Level 5 of the Dungeon
  3286 | D:5      | Reached skill level 11 in Staves
  3578 | D:5      | Found a basalt altar of Yredelemnul.
  3654 | D:5      | Reached XP level 8. HP: 54/62 MP: 7/7
  3884 | D:6      | Found a sparkling altar of Nemelex Xobeh.
  4032 | D:6      | Reached skill level 12 in Staves
  4034 | D:6      | Got a translucent steel ring
  4036 | D:6      | Identified the ring "Udedim" {rElec rPois Str+9 Int+4} (You found it on level 6 of the Dungeon)
  4178 | D:6      | Noticed Duvessa
  4178 | D:6      | Noticed Dowan
  4194 | D:6      | Killed Duvessa
  4203 | D:6      | Killed Dowan
  4604 | D:6      | Learned a level 3 spell: Stone Arrow
  4690 | D:6      | Gained mutation: You are frail (-10% HP). [mutagenic meat]
  4691 | D:6      | Gained mutation: You are partially covered in slimy green scales (AC +2). [mutagenic meat]
  4701 | D:6      | Reached skill level 13 in Staves
  4760 | D:6      | Found a staircase to the Ecumenical Temple.
  4788 | Temple   | Entered the Ecumenical Temple
  5271 | D:6      | Reached XP level 9. HP: 53/61 MP: 8/8
  5300 | D:7      | Noticed Pikel
  5310 | D:7      | Killed Pikel
  5310 | D:7      | Reached skill level 14 in Staves
  5325 | D:7      | Found Febxefi's Fabulous Fripperies.
  5620 | D:7      | Reached skill level 15 in Staves
  5677 | D:7      | Reached skill level 1 in Armour
  5910 | D:7      | Found a sacrificial altar of Ru.
  6017 | D:7      | Reached skill level 5 in Dodging
  6357 | D:8      | Found a staircase to the Lair.
  6368 | D:8      | Found a stormy altar of Qazlal.
  6400 | D:8      | Reached XP level 10. HP: 66/66 MP: 9/9
  6444 | D:8      | Found a snail-covered altar of Cheibriados.
  6444 | D:8      | Found a shattered altar of Ashenzari.
  6447 | D:8      | Reached skill level 5 in Armour
  6516 | D:8      | Noticed Joseph
  6518 | D:8      | Found a blossoming altar of Fedhas.
  6529 | D:8      | Killed Joseph
  6589 | D:8      | Acquired Okawaru's second power
  6752 | D:8      | Found a radiant altar of Vehumet.
  7116 | D:9      | Found a deep blue altar of Sif Muna.
  7150 | D:9      | Gained mutation: You tend to lose your temper in combat. [mutagenic meat]
  7151 | D:9      | Gained mutation: You expend magic power (3 MP) to strengthen your wands. [mutagenic meat]
  7152 | D:9      | Gained mutation: You possess an exceptional clarity of mind. [mutagenic meat]
  7153 | D:9      | Lost mutation: You are frail (-10% HP). [mutagenic meat]
  7158 | D:9      | Found Heonick's Magic Scroll Boutique.
  7159 | D:9      | Noticed a tengu warrior
  7169 | D:9      | Killed a tengu warrior
  7214 | D:9      | Gained mutation: Your spells are a little harder to cast, but a little more powerful. [mutagenic meat]
  7216 | D:9      | Lost mutation: You are partially covered in slimy green scales (AC +2). [mutagenic meat]
  7217 | D:9      | Gained mutation: You have sharp toenails. [mutagenic meat]
  7219 | D:9      | Gained mutation: Your natural rate of healing is unusually fast. [mutagenic meat]
  7475 | D:9      | Received a gift from Okawaru
  8023 | Lair:1   | Entered Level 1 of the Lair of Beasts
  8181 | Lair:1   | Reached skill level 1 in Invocations
  8314 | Lair:1   | Noticed an eight-headed hydra
  8330 | Lair:1   | Killed an eight-headed hydra
  8330 | Lair:1   | Reached XP level 11. HP: 33/80 MP: 6/12
  8782 | Lair:1   | Found a dark tunnel.
  8880 | Lair:2   | Noticed a five-headed hydra
  8893 | Lair:2   | Killed a five-headed hydra
  8893 | Lair:2   | Reached skill level 5 in Invocations
  9292 | Lair:2   | Noticed a six-headed hydra
  9303 | Lair:2   | Killed a six-headed hydra
  9457 | Lair:2   | Noticed a necromancer
  9464 | Lair:2   | Killed a necromancer
  9589 | Lair:2   | Received a gift from Okawaru
  9589 | Lair:2   | Reached skill level 5 in Fighting
  9591 | Lair:2   | Got an ichor-stained ring mail {god gift}
  9815 | Lair:2   | Identified the +3 ring mail of the Heavens {rF+ rC+ rCorr} (Okawaru gifted it to you on level 2 of the Lair of Beasts)
  9854 | Lair:2   | Reached XP level 12. HP: 58/96 MP: 17/17
 10201 | Lair:2   | Found a radiant altar of Vehumet.
 10534 | Lair:2   | Learned a level 2 spell: Stoneskin
 10586 | Lair:3   | Noticed Harold
 10600 | Lair:3   | Killed Harold
 10600 | Lair:3   | Reached skill level 10 in Armour
 10728 | Lair:3   | Got a crude buckler
 10735 | Lair:3   | Identified the +4 buckler of Curorph {Str+4} (You found it on level 3 of the Lair of Beasts)
 10757 | Lair:3   | Reached skill level 10 in Dodging
 10946 | Lair:3   | Noticed a catoblepas
 10990 | Lair:3   | Killed a catoblepas
 11628 | Lair:3   | Noticed godescalc's ghost (powerful HEAE)
 11635 | Lair:3   | Killed godescalc's ghost
 11848 | Lair:3   | Found a staircase to the Swamp.
 12266 | Lair:4   | Received a gift from Okawaru
 12267 | Lair:4   | Got a blackened lajatang {god gift}
 12268 | Lair:4   | Identified the +0 lajatang of Juuleshy {slice, rElec Str+6} (Okawaru gifted it to you on level 4 of the Lair of Beasts)
 12295 | Lair:4   | Reached skill level 10 in Fighting
 13101 | Lair:5   | Reached XP level 13. HP: 114/114 MP: 18/18
 13270 | Lair:5   | Noticed Snorg
 13284 | Lair:5   | Killed Snorg
 13764 | Lair:5   | Received a gift from Okawaru
 13966 | Lair:6   | Found a staircase to the Snake Pit.
 16062 | Lair:4   | Received a gift from Okawaru
 16296 | Lair:8   | Entered Level 8 of the Lair of Beasts
 16337 | Lair:8   | Found a staircase to the Slime Pits.
 16527 | Lair:8   | Reached XP level 14. HP: 130/130 MP: 19/19
 16628 | Lair:8   | Noticed Nessos
 16636 | Lair:8   | Killed Nessos
 16636 | Lair:8   | Received a gift from Okawaru
 16636 | Lair:8   | Reached skill level 1 in Earth Magic
 17134 | Lair:8   | Found a runed door.
 18132 | Lair:8   | Reached skill level 5 in Earth Magic
 18457 | D:10     | Entered Level 10 of the Dungeon
 18990 | D:10     | Noticed Erolcha
 18999 | D:10     | Killed Erolcha
 19390 | D:11     | Got a dazzling short sword
 19399 | D:11     | Identified the +7 short sword "Xuweshre" {speed, *Rage Str+4} (You found it on level 11 of the Dungeon)
 20602 | D:12     | Noticed Fannar
 20615 | D:12     | Killed Fannar
 20615 | D:12     | Received a gift from Okawaru
 20626 | D:12     | Got a dazzling lajatang {god gift}
 20631 | D:12     | Identified the +4 lajatang of the Heavens {elec, +Inv rN+ Str+4} (Okawaru gifted it to you on level 12 of the Dungeon)
 20811 | D:12     | Found a staircase to the Orcish Mines.
 21034 | D:13     | Reached skill level 1 in Evocations
 21078 | D:13     | Reached XP level 15. HP: 115/137 MP: 20/20
 21159 | D:13     | Got a smoking blowgun
 21160 | D:13     | Identified the +9 blowgun "Voenwur" {speed, Str+4 Int+6 Stlth+} (You found it on level 13 of the Dungeon)
 21406 | D:13     | Noticed a storm dragon
 21420 | D:13     | Killed a storm dragon
 21439 | D:13     | Received a gift from Okawaru
 21473 | D:13     | Got a smoking arbalest
 21474 | D:13     | Identified the cursed +1 arbalest of Qasyinap {flame, Str+4} (You found it on level 13 of the Dungeon)
 22222 | Orc:1    | Entered Level 1 of the Orcish Mines
 22334 | Orc:1    | Found a roughly hewn altar of Beogh.
 22942 | Orc:3    | Found Ceoxe's Antique Weapon Shop.
 23017 | Orc:3    | Found a staircase to the Elven Halls.
 23537 | Orc:2    | Found Jyroim's Food Shoppe.
 23802 | Orc:2    | Noticed Maurice
 23806 | Orc:2    | Killed Maurice
 23856 | Orc:4    | Entered Level 4 of the Orcish Mines
 24561 | Orc:4    | Found Enudy's Jewellery Shoppe.
 24561 | Orc:4    | Found Kebriu Cubb's Weapon Shop.
 24563 | Orc:4    | Found Vurphoi's Book Boutique.
 24565 | Orc:4    | Found Ozirol's Antique Weapon Emporium.
 25141 | D:9      | Bought a scroll of acquirement for 832 gold pieces
 25325 | Orc:4    | Bought an uncursed ring of see invisible for 195 gold pieces
 25626 | D:14     | Found a sacrificial altar of Ru.
 25845 | D:14     | Gained mutation: You are dopey. (Int -2) [mutagenic meat]
 25846 | D:14     | Gained mutation: You are occasionally teleported to nearby monsters. [mutagenic meat]
 25848 | D:14     | Gained mutation: Your magical capacity is low (-10% MP). [mutagenic meat]
 25849 | D:14     | Gained mutation: Your flesh is heat resistant. [mutagenic meat]
 25850 | D:14     | Gained mutation: You are very dopey. (Int -4) [mutagenic meat]
 25852 | D:14     | Lost mutation: You are very dopey. (Int -4) [mutagenic meat]
 25855 | D:14     | Lost mutation: You are occasionally teleported to nearby monsters. [potion of cure mutation]
 25855 | D:14     | Lost mutation: You are dopey. (Int -2) [potion of cure mutation]
 25855 | D:14     | Lost mutation: Your spells are a little harder to cast, but a little more powerful. [potion of cure mutation]
 25855 | D:14     | Lost mutation: Your magical capacity is low (-10% MP). [potion of cure mutation]
 25855 | D:14     | Lost mutation: Your natural rate of healing is unusually fast. [potion of cure mutation]
 25945 | D:14     | Found a gate to the Vaults.
 25953 | D:14     | Received a gift from Okawaru
 25956 | D:14     | Got a pair of spiked boots {god gift}
 25967 | D:14     | Identified the +0 pair of boots "Ledutzow" {rC+ Str+4} (Okawaru gifted it to you on level 14 of the Dungeon)
 26140 | D:15     | Entered Level 15 of the Dungeon
 26223 | D:15     | Reached skill level 5 in Evocations
 26244 | D:15     | Found a staircase to the Depths.
 26250 | D:15     | Noticed Louise
 26268 | D:15     | Killed Louise
 26268 | D:15     | Reached skill level 10 in Earth Magic
 26430 | D:15     | Noticed Agnes
 26434 | D:15     | Noticed Kirke
 26443 | D:15     | Noticed a sphinx
 26723 | D:15     | Killed Agnes
 26742 | D:15     | Killed Kirke
 27681 | Swamp:1  | Entered Level 1 of the Swamp
 27912 | Swamp:1  | Reached XP level 16. HP: 145/145 MP: 21/21
 27930 | Swamp:1  | Noticed a thorn hunter
 27971 | Swamp:1  | Slain by a thorn hunter

Vault maps used:
D:1:      shiori_shiawase, st_stairs_1
D:2:      grunt_gozag_breadcrumbs, lemuel_crystal_altar
D:3:      bloody_trog, tso_oasis_becter, ecumenical_altar_2, first_bread,
          amethyst_killhole, corner_web_ring, minivault_27, patterned_corridor
D:4:      lemuel_coloured_pillars_altar
D:5:      kennysheep_mini
D:6:      nemelex_xobeh_ov_fountains_minmay, minmay_temple_entry_glassed_door,
          uniq_duvessa
D:7:      black_bear_nest_1, kennysheep_mini_moat, grunt_livestock,
          nicolae_alphabet_shops, uniq_pikel
D:8:      nicolae_overflow_hidden_temple, nicolae_overflow_crystal_walls,
          fedhas_altar_3, gammafunk_temple_overflow_elements, lair_0_dummy,
          uniq_joseph
D:9:      led_sif_book, serial_shops, shop, kennysheep_small_spiral,
          minivault_27
D:10:     minmay_goldmine, uniq_erolcha
D:11:     serial_bayou_crossing
D:12:     orc_0_dummy, uniq_fannar
D:13:     minmay_two_paths
D:14:     david_vaults_5, glass_columns_a, basic_altar
D:15:     grunt_enter_depths_giant_problem, serial_park_gazebo, st_stairs_2,
          uniq_agnes, uniq_kirke, uniq_louise
Temple:   nicolae_temple_hex_pool_5
Lair:1:   enter_volcano_1, lemuel_fruit_tree
Lair:2:   basic_altar, nicolae_quartered_pool_medium, eino_house_with_fridge
Lair:3:   minmay_swamp_entry_worms, st_stairs_10, infiniplex_staircase_pool,
          grunt_megastairs_2, uniq_harold
Lair:4:   wad_woods_06
Lair:5:   minivault_29, uniq_snorg
Lair:6:   minmay_snake_entry_spellcaster
Lair:7:   hangedman_lair_generics_rect
Lair:8:   guppyfry_lair_end_dragon, wormcave, slime_dummy, lemuel_fruit_fields,
          uniq_nessos
Swamp:1:  cheibrodos_swamp_tower_of_moss, serial_swamp_ruin,
          evilmike_swamp_ruin_rubble_1, hangedman_swamp_ruin_hall,
          evilmike_swamp_ruin_house_4, uniq_donald
Orc:1:    basic_altar
Orc:2:    serial_shops, nicolae_shop_scaring_up_business, uniq_maurice
Orc:3:    serial_shops, shop, nicolae_orc_pool_cavern
Orc:4:    st_orc_rangers

Action                   |  1- 3 |  4- 6 |  7- 9 | 10-12 | 13-15 | 16-18 || total
-------------------------+-------+-------+-------+-------+-------+-------++-------
Melee: Quarterstaff      |    79 |   137 |   303 |   707 |    27 |     9 ||  1262
       Lajatang          |       |       |       |    67 |  1369 |    27 ||  1463
Throw: Throwing net      |       |       |     1 |     1 |     1 |       ||     3
Invok: Finesse           |       |       |       |     6 |     8 |     1 ||    15
       Heroism           |       |       |       |     3 |     3 |       ||     6
Evoke: Wand              |       |       |       |     3 |     5 |       ||     8
  Use: Scroll            |     3 |     7 |    11 |     9 |    24 |     1 ||    55
       Potion            |       |       |       |     4 |     6 |     2 ||    12
 Stab: Sleeping          |       |       |       |     2 |       |       ||     2
  Eat: Chunk             |       |     5 |    14 |    36 |    73 |       ||   128
